 Dungeon Crawl Stone Soup version 0.26.1-2-gb8aa6d0cf2 (webtiles) character file.

Game seed: 2428592976660992437

30 DearestLeader the Insei (level 3, -3/23 HPs)
             Began as an Octopode Transmuter on Mar 14, 2021.
             Slain by an orc priest
             ... wielding a +0 falchion
              (7 damage)
             ... on level 2 of the Dungeon.
             The game lasted 00:01:51 (1140 turns).

DearestLeader the Insei (Octopode Transmuter)       Turns: 1140, Time: 00:01:52

Health: -3/23      AC:  1    Str:  9    XL:     3   Next: 18%
Magic:  6/6        EV: 13    Int: 16    God:
Gold:   45         SH:  0    Dex: 12    Spells: 5/6 levels left

rFire    . . .     SeeInvis .     - Unarmed
rCold    . . .     Faith    .   (no shield)
rNeg     . . .     Spirit   .   (helmet currently unavailable)
rPois    .         Reflect  .   (no amulet)
rElec    .         Harm     .   (no ring)
rCorr    .         Rampage  .   (no ring)
Will     .....                  (no ring)
Stlth    ++........             (no ring)
HPRegen  0.07/turn              (no ring)
MPRegen  0.10/turn              (no ring)
                                (no ring)
                                (no ring)

@: appendages
A: almost no armour, stealthy swim, amphibious, 8 rings, constrict 8, tentacle
spike 3, camouflage 1, gelatinous body 1
a: End Transformation


You were on level 2 of the Dungeon.
One of your tentacles had a temporary spike.
You visited 1 branch of the dungeon, and saw 2 of its levels.

You collected 45 gold pieces.

Inventory:

Scrolls
 a - a scroll of remove curse {unknown}
 c - a scroll of immolation {unknown}
 e - a scroll of amnesia {unknown}
Potions
 b - 2 potions of degeneration {unknown}
 d - 2 potions of curing {unknown}
 f - a potion of flight {unknown}


   Skills:
 - Level 1.0 Fighting
 - Level 2.0 Dodging
 + Level 3.3 Unarmed Combat
 - Level 2.0 Spellcasting
 * Level 3.2 Transmutations


You had 5 spell levels left.
You knew the following spells:

 Your Spells              Type           Power        Failure   Level
a - Beastly Appendage     Tmut           24%          5%          1

Your spell library contained the following spells:

 Spells                   Type           Power        Failure   Level
 Wereblood                Tmut           12%          9%          2
 Spider Form              Tmut/Pois      3%           32%         3
 Ice Form                 Ice/Tmut       6%           71%         4
 Blade Hands              Tmut           6%           83%         5


Dungeon Overview and Level Annotations

Branches:
Dungeon (2/15)

Altars:


Innate Abilities, Weirdness & Mutations

You cannot wear most types of armour.
You are very stealthy in the water. (Stealth+)
You are amphibious.
You can wear up to eight rings at the same time.
You can use your tentacles to constrict eight enemies at once.
Your skin changes colour to match your surroundings (Stealth+).
Your rubbery body absorbs attacks. (AC +1, EV +1)
One of your tentacles bears a large vicious spike.


Message History

The orc priest is severely wounded.
The orc priest mumbles some strange prayers to Beogh against you.
Pain shoots through your body!
The orc hits you from afar with a +0 trident.
You are too injured to fight recklessly!
You tentacle-slap the orc priest but do no damage.
Your grab misses the orc priest.
Your tentacle spike misses the orc priest.
The orc priest is severely wounded.
The orc priest hits you with a +0 falchion.
* * * LOW HITPOINT WARNING * * *
The orc barely misses you.
You closely miss the orc priest. Your grab misses the orc priest.
The orc priest is severely wounded.
The orc priest misses you. The orc closely misses you.
You completely miss the orc priest. Your grab misses the orc priest.
Your squeeze misses the orc priest.
The orc priest is severely wounded.
The orc priest hits you with a +0 falchion!
You die...

....... ####### #. #
#.# #. # #.# #.#
########.# #.#
.......#.# #.#
######.#.# #.# ## #
#.#.# #.###### .. #
##.#.## #..@oo.#.###.#
# #.....#
#..###..?...l. #
#.###.# ##..# #........
# #. #.#
#...###........ .
#.###.###........#.##.#
#.....†....##.##.#.# #
.............# .# .# #
#####.######## . ?# #.
####


You could see an orc priest and an orc.

Vanquished Creatures
  An adder (D:2)
  A worm (D:2)
  A dart slug (D:2)
  2 bats (D:1)
  2 goblins (D:1)
  4 hobgoblins (D:1)
  2 frilled lizards (D:1)
  3 kobolds
  A rat (D:2)
17 creatures vanquished.

Notes
Turn   | Place    | Note
-------+----------+-------------------------------------------
     0 | D:1      | DearestLeader the Octopode Transmuter began the quest for
                  | the Orb.
     0 | D:1      | Reached XP level 1. HP: 13/13 MP: 3/3
   455 | D:1      | Reached XP level 2. HP: 18/18 MP: 3/5
   963 | D:2      | Reached XP level 3. HP: 23/23 MP: 4/6
  1140 | D:2      | Slain by an orc priest

Illustrated notes

Levels and vault maps discovered:
D:1:      kilobyte_arrival_exit_the_forest, layout_basic
D:2:      layout_loops_ring

Skill      XL: |  1  2 |
---------------+-------+-----
Transmutations | 3 |  3.2
Fighting       | |  1.0
Dodging        | |  2.0
Unarmed Combat | |  3.3
Spellcasting   | |  2.0

Action                   || total
-------------------------++-------
Melee: Unarmed           ||    43
       Constrict         ||     9
       Kick              ||    12
       Tentacles         ||     5
 Cast: Beastly Appendage ||    14
 Stab: Sleeping          ||     2
Armor: Skin              ||     1
Dodge: Dodged            ||    31
